 Dungeon Crawl Stone Soup version 0.31-a0-210-gccc998df9b (webtiles) character file.

Game seed: 6804480628255145175

238 qw the Chopper (level 6, 0/37 HPs)
             Began as a Gargoyle Fighter on June 30, 2023.
             Slain by a two-headed ogre
             ... wielding a +0 dire flail
              (9 damage)
             ... on level 4 of the Dungeon.
             The game lasted 00:01:11 (2582 turns).

qw the Chopper (Gargoyle Fighter)                   Turns: 2582, Time: 00:01:12

Health: 0/37       AC: 13    Str: 21    XL:     6   Next: 7%
Magic:  6/6        EV:  7    Int:  9    God:
Gold:   129        SH:  4    Dex:  9    Spells: 5/5 levels left

rFire   . . .        Y - +0 war axe
rCold   . . .        c - +0 buckler
rNeg    + . .        i - +0 chain mail
rPois   inf          (no helmet)
rElec   +            (no cloak)
rCorr   .            (no gloves)
SInv    .            (no boots)
Will    .....        (no amulet) Stlth
                     (no ring)
HPRegen 0.26/turn    (no ring)
MPRegen 0.10/turn

%: no passive effects
@: about to teleport
A: sickness immunity, AC +4, negative energy resistance 1, electricity
resistance, torment resistance 1, petrification resistance
a: no special abilities


You were on level 4 of the Dungeon.
You visited 1 branch of the dungeon, and saw 4 of its levels.

You collected 129 gold pieces.


Innate Abilities, Weirdness & Mutations

You are immune to sickness and miasma.
Your stone body is resilient. (AC +4)
You are immune to poison.
You resist negative energy. (rN+)
You are resistant to electric shocks. (rElec)
You are resistant to unholy torment.
You are immune to petrification.


   Skills:
 + Level 3.6 Fighting
 - Level 5.4 Axes
 - Level 3.2 Armour
 - Level 3.2 Shields


You had 5 spell levels left.
You didn't know any spells.
Your spell library was empty.

Inventory:

Hand Weapons
 h - a +0 flail
 Y - a +0 war axe (weapon)
Armour
 c - a +0 buckler (worn)
 i - a +0 chain mail (worn)
Scrolls
 a - a scroll of teleportation
Potions
 d - a potion of might
 e - 3 potions of curing
 f - a potion of mutation {unknown}
 g - 3 potions of lignification
 j - a potion of haste {unknown}
 m - a potion of attraction

Dungeon Overview and Level Annotations

Branches:
Dungeon (4/15)
 Temple: D:4-7

Altars:
Cheibriados
Dithmenos
Elyvilon
Fedhas
Hepliaklqana
Sif Muna
Xom
Yredelemnul


Message History

You finish taking off your +0 scale mail.
You start putting on your armour.
You continue putting on your +0 chain mail. x5
You finish putting on your +0 chain mail.
2556 ||| DROPPING +0 scale mail.
You drop a +0 scale mail.
Done exploring.
(D) Dungeon
Where to? (* - list waypoints, Enter - D:3, ? - help)
What level of the Dungeon? (default 1, ? - help)
There is a stone staircase leading down here.
You climb downwards.
There is a stone staircase leading up here.
Waypoint 3 assigned to D:4.
A hobgoblin comes into view.
The hobgoblin shouts!
You hear two shouts!
The hobgoblin moves out of view.
You barely miss the hobgoblin. The hobgoblin barely misses you.
A two-headed ogre comes into view.
It is wielding a +0 dire flail and a +0 giant spiked club.
You barely miss the hobgoblin.
The two-headed ogre shouts in stereo!
You hear an angry hiss.
The hobgoblin hits you.
You hit the hobgoblin but do no damage.
The hobgoblin hits you but does no damage.
You hit the hobgoblin.
You kill the hobgoblin!
You hit the two-headed ogre.
The two-headed ogre is lightly wounded.
The two-headed ogre hits you with a +0 dire flail!
The two-headed ogre hits you with a +0 giant spiked club!!
Ouch! That really hurt!
A ball python comes into view.
2581 ||| READING 2 scrolls of teleportation.
As you read the scroll of teleportation, it crumbles to dust.
You feel strangely unstable.
The ball python hisses angrily.
You barely miss the two-headed ogre.
The two-headed ogre is lightly wounded.
The two-headed ogre hits you with a +0 dire flail!
You die...

.#......... ...
.......... P.
#....#..#+#.#
#....#.<....#
##....#+#....#
#............##
###................
#..................
.#....@%....#.####
#....O..####.#
#....$..... .#
#............
#............
.#........S...
#.#########....
#... ....


You could see a two-headed ogre and a ball python.

Vanquished Creatures
  Sigmund (D:2)
  2 adders
  2 worms
  3 dart slugs
  3 ball pythons
  3 bats
  5 endoplasms
  A giant cockroach (D:1)
  4 goblins
  8 hobgoblins
  7 frilled lizards
  6 kobolds
  6 rats
51 creatures vanquished.

Notes
Turn   | Place    | Note
-------+----------+-------------------------------------------
     0 | D:1      | qw the Gargoyle Fighter began the quest for the Orb.
     0 | D:1      | Reached XP level 1. HP: 14/14 MP: 1/1
     0 | D:1      | 0 ||| qw: Version: 0.3-a-26-gee661ec
     0 | D:1      | 0 ||| qw: Game counter: 7312
     0 | D:1      | 0 ||| qw: Melee chars always use a shield: true
     0 | D:1      | 0 ||| qw: God list: Okawaru
     0 | D:1      | 0 ||| qw: Allow faded altars: false
     0 | D:1      | 0 ||| qw: Do Orc after clearing Dungeon:15 true
     0 | D:1      | 0 ||| qw: Do second Lair branch before Depths: true
     0 | D:1      | 0 ||| qw: Lair rune preference: random
     0 | D:1      | 0 ||| qw: Goals: Normal, Zot:1-4, Slime:5, God:TSO, Crypt,
                  | Tomb, Abyss, Pan, Hells, Win
     0 | D:1      | 0 ||| PLANNING D:1-11
   205 | D:1      | 205 ||| Stepping ~*~*~tactically~*~*~ (hiding).
   230 | D:1      | Reached skill level 2 in Axes
   246 | D:1      | 246 ||| FLEEEEING.
   350 | D:1      | Reached XP level 2. HP: 19/19 MP: 2/2
   530 | D:1      | 530 ||| Stepping ~*~*~tactically~*~*~ (hiding).
   551 | D:1      | 551 ||| Stepping ~*~*~tactically~*~*~ (stealth).
   569 | D:1      | 569 ||| Stepping ~*~*~tactically~*~*~ (hiding).
   570 | D:1      | 570 ||| Stepping ~*~*~tactically~*~*~ (hiding).
   827 | D:1      | Found a faded altar of an unknown god.
   964 | D:1      | 964 ||| Stepping ~*~*~tactically~*~*~ (stealth).
   966 | D:1      | 966 ||| Stepping ~*~*~tactically~*~*~ (hiding).
  1003 | D:1      | Reached skill level 3 in Axes
  1073 | D:1      | 1073 ||| DROPPING scarf of shadows.
  1074 | D:1      | 1074 ||| READING scroll labelled JEQOIR BUITIMY.
  1079 | D:1      | 1079 ||| READING scroll labelled RIZISA WEMY.
  1080 | D:1      | 1080 ||| READING scroll labelled ALAERU ASUPNUNURPH.
  1081 | D:1      | 1081 ||| DRINKING 2 lumpy emerald potions.
  1190 | D:2      | 1190 ||| STAIRDANCE
  1200 | D:1      | Reached XP level 3. HP: 21/23 MP: 3/3
  1543 | D:2      | 1543 ||| Stepping ~*~*~tactically~*~*~ (stealth).
  1547 | D:2      | Reached XP level 4. HP: 28/28 MP: 4/4
  1609 | D:2      | Found a blossoming altar of Fedhas.
  1611 | D:2      | Noticed Sigmund
  1612 | D:2      | 1612 ||| Stepping ~*~*~tactically~*~*~ (hiding).
  1613 | D:2      | 1613 ||| Stepping ~*~*~tactically~*~*~ (hiding).
  1615 | D:2      | 1615 ||| FLEEEEING.
  1616 | D:2      | 1616 ||| FLEEEEING.
  1617 | D:2      | 1617 ||| FLEEEEING.
  1618 | D:2      | 1618 ||| FLEEEEING.
  1619 | D:2      | 1619 ||| FLEEEEING.
  1620 | D:2      | 1620 ||| FLEEEEING.
  1621 | D:2      | 1621 ||| FLEEEEING.
  1647 | D:2      | Killed Sigmund
  1648 | D:2      | Reached skill level 5 in Axes
  1648 | D:2      | Reached XP level 5. HP: 25/32 MP: 5/5
  1924 | D:2      | 1924 ||| READING 2 scrolls labelled BOOPTI CIWEA.
  1925 | D:2      | 1925 ||| READING scroll labelled PUH CIPAATASEA.
  1926 | D:2      | 1926 ||| DRINKING 2 lumpy brown potions.
  1927 | D:2      | 1927 ||| DRINKING 2 bubbling pink potions.
  1957 | D:2      | 1957 ||| DROPPING scroll of fog.
  1983 | D:3      | 1983 ||| STAIRDANCE
  2007 | D:3      | 2007 ||| Stepping ~*~*~tactically~*~*~ (hiding).
  2008 | D:3      | 2008 ||| Stepping ~*~*~tactically~*~*~ (hiding).
  2009 | D:3      | 2009 ||| Stepping ~*~*~tactically~*~*~ (hiding).
  2010 | D:3      | 2010 ||| Stepping ~*~*~tactically~*~*~ (hiding).
  2012 | D:3      | 2012 ||| Stepping ~*~*~tactically~*~*~ (hiding).
  2017 | D:3      | Reached XP level 6. HP: 37/37 MP: 6/6
  2128 | D:3      | 2128 ||| DROPPING +0 club.
  2193 | D:3      | 2193 ||| Stepping ~*~*~tactically~*~*~ (stealth).
  2329 | D:3      | Found a shimmering blue altar of Sif Muna.
  2384 | D:3      | Found a white marble altar of Elyvilon.
  2385 | D:3      | Found a basalt altar of Yredelemnul.
  2386 | D:3      | Found a shadowy altar of Dithmenos.
  2387 | D:3      | Found a snail-covered altar of Cheibriados.
  2389 | D:3      | Found a shimmering altar of Xom.
  2390 | D:3      | Found a hazy altar of Hepliaklqana.
  2546 | D:3      | 2546 ||| UPGRADING to +0 chain mail.
  2556 | D:3      | 2556 ||| DROPPING +0 scale mail.
  2575 | D:4      | Noticed a two-headed ogre
  2580 | D:4      | HP: 8/37 [two-headed ogre/+0 dire flail (20)]
  2581 | D:4      | 2581 ||| READING 2 scrolls of teleportation.
  2582 | D:4      | Slain by a two-headed ogre

Levels and vault maps discovered:
D:1:      minmay_arrival_widening_spiral_wide, layout_loops_ring,
          dilly_ecumenical_altar_fadedgnrine, kennysheep_small_spiral
D:2:      layout_loops_ring, basic_altar, minmay_surrounded, uniq_sigmund
D:3:      layout_rooms, minitemple
D:4:      corexii_shack_village, layout_basic, serial_co_window_serial,
          co_window_of_opportunity_a, co_window_of_opportunity_a,
          co_window_corner_a, co_window_paths_a, co_window_corner_a,
          co_window_paths_a, co_window_2corner, co_window_unsneaky_path_c,
          co_window_broadway_a, co_window_broadway_c, co_window_2corner,
          co_window_corner_b, co_window_paths_c, st_stairs_14

Skill      XL: |  1  2  3  4 |
---------------+-------------+-----
Axes           | 2 3 5 |  5.4
Fighting       | |  3.6
Armour         | |  3.2
Shields        | |  3.2

Action                     |  1- 3 |  4- 6 || total
---------------------------+-------+-------++-------
  Melee: War axe           |   101 |    60 ||   161
    Use: Scroll            |     3 |     3 ||     6
         Potion            |     1 |     2 ||     3
 Armour: Scale mail        |    46 |    21 ||    67
         Chain mail        |       |     1 ||     1
  Dodge: Dodged            |    41 |    14 ||    55
  Block: Buckler           |    19 |     4 ||    23

Table legend:
 A = Non-vault XP
 B = Vault XP
 C = Vault XP percentage of total XP
 D = Non-vault monster count
 E = Vault monster count
 F = Vault count percentage of total count
                 A         B        C        D         E       F
            +---------+---------+-------+---------+---------+-------
      Total |     100 |     241 |  70.7 |      44 |       7 |  13.7
            +---------+---------+-------+---------+---------+-------
        D:1 |      45 |       0 |   0.0 |      20 |       0 |   0.0
        D:2 |      32 |     241 |  88.3 |      12 |       7 |  36.8
        D:3 |      21 |       0 |   0.0 |      11 |       0 |   0.0
        D:4 |       2 |       0 |   0.0 |       1 |       0 |   0.0
            +---------+---------+-------+---------+---------+-------
